 Dungeon Sprint DCSS version 0.19.1 (webtiles) character file.

1995 equalderp2856 the Ripper (level 9, 0/43 HPs)
             Began as a Felid Fighter on Dec 1, 2016.
             Was an Initiate of Gozag.
             Slain by an orc knight
             ... wielding a +0 great mace
              (19 damage)
             ... in the Dungeon (Sprint IX: "|||||||||||||||||||||||||||||").
             The game lasted 00:06:45 (2891 turns).

equalderp2856 the Ripper (Felid Fighter)            Turns: 2891, Time: 00:06:45

Health: 0/43       AC:  2    Str: 18    XL:     9   Next: 1%
Magic:  11/11      EV: 37    Int: 10    God:    Gozag
Gold:   583        SH:  0    Dex: 22    Spells: 0 memorised, 8 levels left
                                        Lives:  0   Deaths: 2

rFire  . . .     SeeInvis +       - Unarmed
rCold  . . .     Gourm    .     (armour unavailable)
rNeg   . . .     Faith    .     (shield unavailable)
rPois  .         Spirit   .     (helmet unavailable)
rElec  .         Reflect  .     (cloak unavailable)
rCorr  .         Harm     .     (gloves unavailable)
MR     +....     NoTele   +     (boots unavailable)
Stlth  ++++++....               (no amulet)
                                (no ring)
                                (no ring)

@: mighty, agile, very slightly contaminated, slowed, invisible, slow
A: no armour, no weapons or thrown items, stealth, claws 1, fangs 3, see
invisible, carnivore 3, speed 1, shaggy fur 2, slow metabolism 1, sharp paws
a: Potion Petition, Call Merchant, Bribe Branch, Renounce Religion


You were in the Dungeon.
You worshipped Gozag.
Gozag was pleased with you.
You were not hungry.

You visited 1 branch You collected 1757 gold pieces.
You paid 1174 gold pieces to Gozag.

Inventory:

Jewellery
 m - a +2 ring of evasion
 n - a +3 ring of strength
Wands
 l - a wand of iceblast (3/15)
Scrolls
 h - 2 scrolls of blinking
 j - 3 scrolls of remove curse
 k - 2 scrolls of amnesia
Potions
 a - a potion of might
 c - 3 potions of curing
 d - a potion of invisibility
 e - a potion of haste
 f - 4 potions of magic
 g - a potion of berserk rage
Comestibles
 b - 12 meat rations


   Skills:
 + Level 7.7 Fighting
 + Level 13.1 Dodging
 + Level 8.4 Stealth
 + Level 17.0 Unarmed Combat
 + Level 2.3 Evocations


You had 8 spell levels left.
You didn't know any spells.

Dungeon Overview and Level Annotations

Branches:
Dungeon (1/1)

Altars:
Cheibriados
Dithmenos
Elyvilon
Fedhas
Gozag
Hepliaklqana
Kikubaaqudgha
Makhleb
Nemelex Xobeh
Okawaru
Qazlal
Ru
Sif Muna
Trog
Uskayaw
Vehumet
Xom
Yredelemnul
Zin
The Shining One
Beogh
Jiyva
Lugonu

Shops:
D *


Innate Abilities, Weirdness & Mutations

You cannot wear armour.
You are incapable of wielding weapons or throwing items.
Your paws allow you to move quietly. (Stealth)
You have sharp claws.
You have razor-sharp teeth.
You have supernaturally acute eyesight. (SInv)
You are carnivorous and can eat meat at any time.
You cover ground quickly.
You are covered in thick fur. (AC +2)
You have a slow metabolism.
Your sharp claws are effective at attacking unaware monsters.


Message History

You no longer have enough gold to fund merchants seeking to open stores in the dungeon.
You fade into invisibility!
You feel more agile all of a sudden.
The orc knight unwields an uncursed battleaxe.
The orc knight wields an arbalest.
The orc knight shoots a bolt.
The bolt hits the orc knight!
The orc knight misses you.
You barely miss the orc knight. You bite the orc knight.
The orc knight is heavily wounded.
The orc knight shoots a bolt.
The bolt hits the orc knight!
The orc knight barely misses you.
The orc high priest utters an invocation to Beogh.
The orc knight no longer looks unusually strong.
You start to feel less resistant.
The orc knight no longer looks unusually strong.
Okay, then.
You feel better.
Your resistance to elements expires.
You feel less exhausted.
The orc knight hits you with a great mace!!
You die...
Your body crumbles into a pile of gold.

▓▓▓▓▓▓▓▓▓
▓...▓...▓
▓.▓.▓.▓.▓
▓.▓@▓.▓w▓
▓+▓
▓.▓o▓k▓k▓
▓.▓
▓.▓o▓.▓'▓
▓.▓
▓.▓o▓.▓k▓
▓F▓
▓.▓4▓.▓.▓
▓C▓
▓.▓o▓w▓[▓
▓y▓
▓.▓3▓.▓[▓
▓$▓
▓.▓o▓.▓[▓
▓$▓
▓.▓4▓.▓[▓
▓.▓


You could see 4 orc knights, an orc high priest, a smoke demon (wandering) and a
chaos spawn.

Vanquished Creatures
  An orc high priest (D)
  Sonja (D)
  A lindwurm (D)
  An orc knight (D)
  A tyrant leech (D)
  A hippogriff (D)
  A hungry ghost (D)
  2 orc warriors (D)
  A black bear (D)
  A bullfrog (D)
  A scorpion (D)
  A killer bee (D)
  A crimson imp (D)
  2 orc priests (D)
  An iguana (D)
  An orc wizard (D)
  A worker ant (D)
  An adder (D)
  A shadow imp (D)
  3 worms (D)
  A dart slug (D)
  8 orcs (D)
  A ball python (D)
  A bat zombie (D)
  A hobgoblin (D)
  A quokka (D)
  A bat (D)
  A rat (D)
39 creatures vanquished.

Notes
Turn   | Place    | Note
-------+----------+-------------------------------------------
     0 | D        | equalderp2856 the Felid Fighter began the quest for the Orb.
     0 | D        | Reached XP level 1. HP: 10/10 MP: 2/2
    20 | D        | Reached skill level 5 in Unarmed Combat
   138 | D        | Noticed a scorpion
   138 | D        | Noticed a worker ant
   144 | D        | Reached XP level 2. HP: 8/14 MP: 3/3
   148 | D        | Reached skill level 5 in Dodging
   160 | D        | Reached skill level 6 in Unarmed Combat
   160 | D        | Reached XP level 3. HP: 4/18 MP: 4/4
   171 | D        | Killed a scorpion
   171 | D        | Reached skill level 7 in Unarmed Combat
   171 | D        | Reached XP level 4. HP: 11/22 MP: 5/5
   319 | D        | Found a roughly hewn altar of Beogh.
   319 | D        | Found a snail-covered altar of Cheibriados.
   319 | D        | Found a shadowy altar of Dithmenos.
   319 | D        | Found a white marble altar of Elyvilon.
   319 | D        | Found a blossoming altar of Fedhas.
   319 | D        | Found an opulent altar of Gozag.
   320 | D        | Found a hazy altar of Hepliaklqana.
   321 | D        | Found a viscous altar of Jiyva.
   322 | D        | Found an ancient bone altar of Kikubaaqudgha.
   323 | D        | Found a corrupted altar of Lugonu.
   324 | D        | Found a burning altar of Makhleb.
   325 | D        | Found a sparkling altar of Nemelex Xobeh.
   326 | D        | Found an iron altar of Okawaru.
   327 | D        | Became a worshipper of Gozag Ym Sagoz the Greedy
   328 | D        | Found a stormy altar of Qazlal.
   329 | D        | Found a sacrificial altar of Ru.
   330 | D        | Found a deep blue altar of Sif Muna.
   331 | D        | Found a bloodstained altar of Trog.
   332 | D        | Found a hide-covered altar of Uskayaw.
   333 | D        | Found a radiant altar of Vehumet.
   334 | D        | Found a shimmering altar of Xom.
   335 | D        | Found a basalt altar of Yredelemnul.
   336 | D        | Found a glowing silver altar of Zin.
   337 | D        | Found a glowing golden altar of the Shining One.
   362 | D        | Noticed a black bear
   362 | D        | Noticed a hippogriff
   362 | D        | Noticed a hungry ghost
   374 | D        | Reached skill level 8 in Unarmed Combat
   449 | D        | Killed a hungry ghost
   449 | D        | Reached skill level 5 in Fighting
   449 | D        | Reached skill level 10 in Unarmed Combat
   449 | D        | Reached XP level 5. HP: 16/26 MP: 6/6
   455 | D        | Killed a hippogriff
   455 | D        | Reached skill level 11 in Unarmed Combat
   455 | D        | Gained mutation: You are covered in thick fur. (AC +2) [Felid growth]
   455 | D        | Reached XP level 6. HP: 11/31 MP: 7/7
   692 | D        | Reached skill level 10 in Dodging
   692 | D        | Reached skill level 12 in Unarmed Combat
   734 | D        | Reached XP level 7. HP: 34/34 MP: 8/8
   742 | D        | Noticed a hill giant
   742 | D        | Noticed a hornet
   764 | D        | Paralysed by a hornet for 2 turns
   765 | D        | Mangled by a hornet
   766 | D        | Reached XP level 6. HP: -7/31 MP: 7/7
   788 | D        | Noticed a lindwurm
   789 | D        | Noticed a tyrant leech
   791 | D        | Noticed a lindwurm
   794 | D        | Noticed a lindwurm
   795 | D        | Reached skill level 13 in Unarmed Combat
   796 | D        | Noticed a lindwurm
   801 | D        | Killed a lindwurm
   801 | D        | Reached skill level 14 in Unarmed Combat
   801 | D        | Reached XP level 7. HP: 22/36 MP: 8/8
  1357 | D        | Reached XP level 8. HP: 31/40 MP: 9/9
  1431 | D        | Noticed an orc knight
  2593 | D        | Killed an orc knight
  2593 | D        | Reached skill level 5 in Stealth
  2593 | D        | Reached skill level 15 in Unarmed Combat
  2593 | D        | Reached skill level 1 in Evocations
  2669 | D        | Noticed an orc knight
  2669 | D        | Noticed an orc knight
  2671 | D        | Noticed an orc knight
  2749 | D        | Killed a tyrant leech
  2749 | D        | Slain by an orc knight
  2750 | D        | Reached XP level 7. HP: -5/36 MP: 8/8
  2814 | D        | Noticed Sonja
  2833 | D        | Killed Sonja
  2833 | D        | Reached skill level 16 in Unarmed Combat
  2833 | D        | Reached XP level 8. HP: 40/40 MP: 8/10
  2865 | D        | Found Iceguol's General Store.
  2865 | D        | Noticed an orc high priest
  2865 | D        | Noticed an orc knight
  2865 | D        | Noticed an orc knight
  2865 | D        | Noticed an orc knight
  2865 | D        | Noticed an orc high priest
  2866 | D        | Noticed an orc knight
  2868 | D        | Noticed a smoke demon
  2870 | D        | Killed an orc high priest
  2870 | D        | Reached skill level 17 in Unarmed Combat
  2870 | D        | Reached XP level 9. HP: 31/43 MP: 11/11
  2891 | D        | Slain by an orc knight

Skill      XL: |  1  2  3  4  5  6  7  8 |
---------------+-------------------------+-----
Unarmed Combat | 5 6 7 10 11 14 16 17 | 17.0
Dodging        | 5 6 8 9 11 12 13 | 13.1
Fighting       | 4 5 6 7 |  7.7
Stealth        | 2 7 8 |  8.4
Evocations     | 2 |  2.3

Action                   |  1- 3 |  4- 6 |  7- 9 || total
-------------------------+-------+-------+-------++-------
Melee: Unarmed           |    46 |    41 |   123 ||   210
       Bite              |     5 |     2 |    14 ||    21
       Punch             |     1 |     1 |     4 ||     6
Invok: Potion Petition   |       |       |     3 ||     3
Evoke: Wand              |       |       |     4 ||     4
  Use: Potion            |     1 |     1 |     3 ||     5
 Stab: Distracted        |       |     1 |     2 ||     3
  Eat: Meat ration       |       |       |     1 ||     1
Armor: Skin              |     3 |     1 |     1 ||     5
Dodge: Dodged            |    38 |    30 |    90 ||   158
